AoeStats
← Hoycbb

Arena

509717344Analyzed
4v4 RM · 4d ago on Sep 27, 2026· 60m 6s· 8 players
Game mode
Random Map
Map size
Large (8 player)
Population
200
Speed
Normal
Resources
Standard
Victory
Conquest
Starting age
Dark Age
Ending age
Imperial Age
RankedLock teamsTeams togetherTeam positionsShared explorationLock speedFull tech treeHidden civsTurbo modeCheats
Victory
Defeat
🇺🇸 Portuguese · United States
965
+15
🇨🇳 Turks · China
959
+15
🇨🇱 Danes · Chile
935
+16
🇨🇱 Persians · Chile
919
+18
🇫🇷 Persians · France
964
-17
🇲🇽 Teutons · Mexico
950
-16
🇦🇷 Spanish · Argentina
940
-16
🇩🇪 Varangians · Germany
930
-15
marcoramos34m
7:15 Loom
9:57 Feudal Age
15:44 Castle Age
20:21 Double-Bit Axe
20:22 Horse Collar
21:24 Wheelbarrow
22:26 Heavy Plow
24:47 Bow Saw
25:44 Hand Cart
25:49 Town Watch
26:02 Gold Mining
26:03 Stone Mining
28:40 Town Patrol
29:16 Bloodlines
31:44 Imperial Age
30:16 Bow Saw
30:49 Stone Shaft Mining
31:45 Scale Barding Armor
31:51 Forging
31:43 Scale Mail Armor
33:51 Chemistry
32:26 Cavalier
33:56 Chain Barding Armor
34:13 Iron Casting
34:20 Paladin
35:57 Plate Barding Armor
40:28 Heavy Scorpion
44:56 Blast Furnace
53:37 Elite Teutonic Knight
55:45 Chain Mail Armor
zeos0708
11:24 Feudal Age
11:49 Town Watch
11:50 Double-Bit Axe
19:12 Castle Age
18:03 Stone Mining
18:40 Gold Mining
18:59 Horse Collar
20:06 Bow Saw
21:21 Fletching
22:28 Padded Archer Armor
32:07 Imperial Age
30:22 Wheelbarrow
31:46 Bodkin Arrow
34:17 Leather Archer Armor
35:07 Conscription
35:55 Chemistry
35:05 Heavy Plow
39:30 Hand Cart
40:48 Ballistics
41:18 Ring Archer Armor
40:52 Arrowslits
41:29 Town Patrol
43:04 Bracer
43:24 Bloodlines
45:16 Masonry
Heroc
2:10 Loom
10:41 Feudal Age
11:07 Double-Bit Axe
18:36 Castle Age
17:37 Gold Mining
19:08 Forging
20:19 Bow Saw
20:24 Light Cavalry
30:32 Imperial Age
28:30 Fletching
29:00 Horse Collar
30:05 Iron Casting
30:45 Bloodlines
30:38 Husbandry
32:25 Wheelbarrow
33:01 Heavy Plow
36:48 Blast Furnace
37:57 Elite Jarl
38:47 Scale Barding Armor
41:17 Chain Barding Armor
41:43 Conscription
45:09 Man-at-Arms
45:52 Squires
45:38 Gambesons
46:33 Plate Barding Armor
45:59 Scale Mail Armor
47:32 Capped Ram
47:47 Long Swordsman
47:48 Pikeman
51:29 Two-Handed Swordsman
52:30 Chain Mail Armor
56:38 Masonry
FR HectorDevis
7:07 Loom
9:52 Feudal Age
10:28 Double-Bit Axe
10:26 Horse Collar
16:15 Wheelbarrow
18:28 Castle Age
16:34 Gold Mining
17:13 Stone Mining
20:41 Bow Saw
20:37 Heavy Plow
22:01 Kamandaran
23:05 Crossbowman
25:21 Bloodlines
25:12 Husbandry
43:09 Gold Shaft Mining
42:44 Fletching
43:05 Forging
42:55 Padded Archer Armor
43:01 Scale Barding Armor
47:16 Imperial Age
45:12 Ballistics
44:48 Murder Holes
45:35 Thumb Ring
47:34 Thumb Ring
47:28 Bodkin Arrow
46:54 Light Cavalry
48:12 Iron Casting
47:59 Conscription
48:46 Chemistry
52:36 Blast Furnace
55:50 Hussar
RagingRaja
12:08 Feudal Age
13:00 Horse Collar
17:18 Castle Age
15:40 Double-Bit Axe
18:14 Bow Saw
21:57 Loom
27:24 Imperial Age
25:51 Wheelbarrow
29:02 Pikeman
35:34 Ballistics
46:01 Halberdier
49:51 Forging
49:47 Scale Barding Armor
49:45 Scale Mail Armor
53:22 Iron Casting
56:53 Blast Furnace
56:09 Chain Mail Armor
ISCO
5:19 Loom
10:53 Feudal Age
12:10 Double-Bit Axe
12:06 Horse Collar
17:19 Castle Age
21:45 Gold Mining
22:02 Heavy Plow
24:55 Bow Saw
26:19 Wheelbarrow
28:00 Hand Cart
29:43 Elite Skirmisher
31:08 Forging
35:23 Imperial Age
33:01 Scale Mail Armor
34:12 Iron Casting
35:30 Elite Jomsviking
36:31 Conscription
37:10 Squires
36:55 Gambesons
37:50 Pikeman
39:07 Northmen's Fury
39:14 Halberdier
42:14 Hoardings
45:54 Bloodlines
45:04 Light Cavalry
45:45 Husbandry
48:24 Blast Furnace
47:40 Chain Mail Armor
48:10 Thumb Ring
49:17 Chemistry
48:37 Ballistics
59:38 Arson
Hoycbb
4:47 Loom
9:06 Feudal Age
10:28 Double-Bit Axe
10:32 Horse Collar
17:24 Castle Age
17:06 Wheelbarrow
16:30 Gold Mining
19:31 Bow Saw
23:18 Bloodlines
24:25 Light Cavalry
26:59 Caravan
31:12 Imperial Age
30:45 Husbandry
31:57 Hand Cart
31:05 Cavalier
32:07 Forging
32:02 Scale Barding Armor
33:03 Savar
36:41 Chain Barding Armor
36:57 Iron Casting
37:51 Conscription
39:34 Plate Barding Armor
40:00 Blast Furnace
40:07 Gambesons
40:22 Squires
39:43 Pikeman
43:04 Halberdier
55:19 Town Watch
55:30 Fletching
55:41 Scale Mail Armor
55:41 Padded Archer Armor
57:15 Elite War Elephant
58:23 Ballistics
59:04 Chemistry
9630791
11:20 Feudal Age
12:16 Loom
15:16 Castle Age
14:11 Horse Collar
15:40 Double-Bit Axe
22:41 Wheelbarrow
22:59 Bloodlines
23:12 Stone Mining
23:38 Heavy Plow
25:32 Hand Cart
27:02 Bow Saw
27:54 Husbandry
28:01 Scale Barding Armor
28:39 Forging
30:05 Chain Barding Armor
33:49 Imperial Age
31:15 Gold Mining
32:03 Iron Casting
32:11 Padded Archer Armor
33:56 Elite Janissary
35:41 Leather Archer Armor
36:20 Conscription
37:24 Gold Shaft Mining
37:37 Ring Archer Armor
38:24 Plate Barding Armor
39:01 Two-Man Saw
39:07 Artillery
40:25 Blast Furnace
40:05 Heavy Camel Rider
40:58 Fletching
41:31 Ballistics
41:31 Bombard Tower
41:07 Murder Holes
45:54 Bodkin Arrow
46:12 Masonry
52:03 Bracer
56:18 Architecture
Connection lost

Rejoining the realm…

Still unreachable

The connection could not be restored.

Session expired

The server has moved on; the page needs a fresh start.